Map: [ESL] Tropical Sacrifice

Players

PtitDrogo

  • Race: Protoss Protoss
  • Spawn Location: 1:00

Vindicta - Winner!

  • Race: Terran Terran
  • Spawn Location: 7:00

Event: DreamHack SC2 Masters 2022 Valencia

VOD

Have the link to the VOD?

Description

Time

  • Played on: July 1, 2022, 4:58 p.m.
  • Length: 10:03

All games in this series

Show
View Real Time Build Order
Export as new Build Order

PtitDrogo Protoss 

Build Orders: 1 Gate Expand, Oracle Opening 

Get SALT Encoding   

  12  0:00  Probe  
  13  0:15  Probe  
  13  0:17  Pylon  
  14  0:28  Probe (Chrono Boost)  
  15  0:36  Gateway  
  15  0:40  Probe (Chrono Boost)  
  16  0:47  Assimilator  
  16  0:48  Probe (Chrono Boost)  
  17  0:54  Probe  
  18  1:06  Probe  
  20  1:18  Probe  
  20  1:22  Cybernetics Core  
  20  1:36  Nexus  
  20  1:44  Pylon  
  20  1:48  Probe  
  21  1:54  Assimilator  
  21  1:59  Adept (Chrono Boost)  
  21  2:00  Probe  
  24  2:12  Probe  
  25  2:20  Stargate  
  25  2:23  Adept  
  25  2:26  Probe (Chrono Boost)  
  28  2:33  Warp Gate  
  28  2:38  Probe (Chrono Boost)  
  29  2:45  Probe (Chrono Boost)  
  30  2:56  Probe  
  29  3:01  Oracle (Chrono Boost)  
  32  3:05  Probe  
  32  3:09  Probe  
  32  3:11  Adept  
  36  3:18  Probe  
  37  3:21  Pylon, Probe  
  38  3:30  Probe  
  38  3:33  Probe  
  40  3:38  Oracle (Chrono Boost)  
  43  3:42  Probe  
  43  3:45  Probe  
  43  3:47  Gateway  
  45  3:54  Probe  
  46  3:58  Probe  
  47  4:06  Probe  
  48  4:12  Phoenix  
  50  4:18  Nexus  
  50  4:24  Probe  
  50  4:28  Pylon  
  50  4:29  Probe  
  52  4:31  Assimilator  
  52  4:32  Assimilator  
  52  4:36  Probe (Chrono Boost)  
  53  4:41  Probe (Chrono Boost)  
  54  4:46  Oracle  
  54  4:48  Probe (Chrono Boost)  
  54  4:52  Twilight Council  
  59  4:53  Probe (Chrono Boost)  
  59  4:57  Forge  
  59  4:58  Probe (Chrono Boost)  
  60  5:02  Probe (Chrono Boost)  
  60  5:05  Probe  
  60  5:06  Pylon  
  62  5:14  Protoss Ground Weapons Level 1 (Chrono Boost)  
  62  5:23  Blink (Chrono Boost)  
  62  5:24  Probe x2  
  62  5:26  Pylon  
  64  5:33  Probe (Chrono Boost)  
  65  5:40  Stalker x2, Probe (Chrono Boost)  
  71  5:45  Probe (Chrono Boost), Shield Battery  
  71  5:47  Probe (Chrono Boost)  
  73  5:54  Probe (Chrono Boost)  
  73  5:55  Probe (Chrono Boost)  
  73  5:56  Probe (Chrono Boost)  
  72  6:02  Probe  
  72  6:03  Gateway  
  72  6:04  Sentry x2, Probe, Gateway  
  75  6:07  Probe  
  75  6:08  Gateway  
  79  6:11  Gateway  
  79  6:14  Probe  
  79  6:16  Probe  
  81  6:20  Probe  
  82  6:26  Gateway  
  82  6:27  Stalker, Pylon, Gateway  
  82  6:28  Sentry  
  86  6:41  Probe  
  86  6:44  Pylon  
  87  6:49  Probe  
  87  6:54  Stalker x2  
  90  6:55  Probe x2  
  90  6:57  Assimilator  
  90  6:59  Stalker x2  
  98  7:06  Gateway  
  98  7:08  Probe  
  99  7:09  Probe, Assimilator  
  99  7:10  Pylon  
  99  7:13  Stalker x2  
  104  7:26  Stalker x2, Pylon  
  104  7:27  Pylon, Protoss Ground Weapons Level 2 (Chrono Boost)  
  104  7:28  Charge (Chrono Boost)  
  108  7:32  Stalker x2, Pylon  
  108  7:36  Dark Shrine  
  112  7:47  Stalker  
  112  7:48  Stalker x3  
  118  7:59  Stalker x4  
  121  8:05  Zealot  
  121  8:10  Pylon  
  97  8:14  Probe  
  97  8:15  Stalker x5  
  96  8:20  Probe  
  89  8:28  Stalker x2  
  89  8:33  Probe  
  91  8:45  Stalker x7  
  103  8:48  Photon Cannon  
  103  8:51  Stalker  
  105  9:02  Dark Templar  
  104  9:08  Dark Templar x2  
  108  9:12  Zealot x5  
  108  9:16  Photon Cannon  
  112  9:25  Probe  
  112  9:26  Dark Templar  
  103  9:33  Probe x2  
  101  9:40  Zealot x2  
  101  9:41  Zealot x4  
  97  9:47  Zealot x2  
  62  10:00  Stalker  
Show
View Real Time Build Order
Export as new Build Order

Vindicta Terran - Winner!

Build Orders:  

Get SALT Encoding   

  12  0:00  SCV  
  13  0:12  SCV  
  14  0:17  Supply Depot  
  14  0:24  SCV  
  15  0:39  SCV  
  15  0:41  Barracks  
  16  0:45  Refinery  
  16  0:51  SCV  
  17  1:03  SCV  
  18  1:15  SCV  
  19  1:27  Marine  
  19  1:28  Orbital Command  
  20  1:47  Reaper  
  20  1:50  Command Center  
  22  1:54  SCV  
  22  2:00  Supply Depot  
  22  2:06  SCV  
  23  2:11  Factory  
  23  2:22  SCV  
  24  2:23  Barracks Reactor  
  24  2:29  Bunker  
  24  2:32  Refinery  
  24  2:35  SCV  
  25  2:47  SCV  
  25  2:59  SCV  
  25  3:00  Marine  
  25  3:01  Widow Mine  
  28  3:08  Starport  
  28  3:10  Marine  
  28  3:11  SCV  
  30  3:17  Marine  
  30  3:23  SCV  
  31  3:38  Orbital Command, SCV, Marine x2, Widow Mine  
  36  3:47  Viking  
  38  3:50  SCV  
  39  3:56  Marine x2  
  42  4:02  SCV  
  42  4:07  SCV  
  38  4:11  Factory Tech Lab  
  38  4:14  SCV, Marine  
  39  4:19  SCV  
  40  4:27  SCV  
  40  4:31  Barracks, SCV  
  41  4:33  Cyclone  
  41  4:38  Marine, Starport Tech Lab  
  44  4:39  SCV  
  44  4:42  Supply Depot  
  46  4:52  Barracks  
  46  5:02  Supply Depot  
  46  5:03  Raven  
  46  5:04  SCV x2, Marine x2  
  52  5:13  Engineering Bay  
  52  5:15  Refinery  
  52  5:16  SCV x2, Factory Reactor  
  54  5:21  Marine x2  
  54  5:27  Supply Depot  
  54  5:28  SCV x2  
  58  5:29  Marine, Stimpack  
  59  5:40  SCV x2  
  59  5:41  Terran Infantry Weapons Level 1  
  61  5:43  Refinery  
  61  5:44  Marine  
  61  5:45  Marine  
  61  5:46  Marine  
  64  5:52  SCV x2  
  64  5:53  Starport Reactor  
  64  5:56  Combat Shield  
  64  5:58  Marauder  
  64  6:02  Marine, Supply Depot  
  64  6:03  Marine  
  68  6:06  Widow Mine  
  68  6:09  SCV, Widow Mine  
  73  6:11  SCV  
  73  6:16  Marauder  
  76  6:23  Marine  
  76  6:25  Supply Depot  
  79  6:26  Supply Depot  
  79  6:27  SCV  
  79  6:29  Medivac  
  79  6:31  Medivac  
  83  6:35  Widow Mine  
  83  6:38  Marine  
  85  6:40  SCV  
  85  6:46  Marauder  
  88  6:47  Marauder  
  88  6:48  SCV, Supply Depot  
  88  6:49  Supply Depot, Marine  
  91  6:56  Marine  
  91  6:59  Medivac  
  91  7:00  Medivac  
  96  7:07  Marine x2  
  98  7:11  Widow Mine  
  98  7:14  Marine  
  103  7:17  Concussive Shells, Marauder  
  103  7:18  Command Center  
  103  7:26  Marauder  
  103  7:28  Marine  
  106  7:32  Marine  
  106  7:33  SCV  
  106  7:36  Terran Infantry Armor Level 1, Widow Mine x2  
  112  7:39  Marauder  
  112  7:42  Medivac  
  112  7:43  Medivac  
  118  7:51  Supply Depot  
  118  7:57  Marauder  
  118  8:06  SCV, Supply Depot  
  118  8:07  Marine  
  118  8:08  Marine x2  
  118  8:11  SCV  
  118  8:12  Medivac  
  115  8:16  Medivac  
  115  8:18  Marine  
  109  8:24  SCV x2  
  109  8:25  Barracks x2, Marauder  
  109  8:26  Marine x2  
  111  8:36  SCV, Marauder  
  111  8:40  Widow Mine  
  112  8:42  SCV  
  112  8:44  Marine x2  
  112  8:47  Marauder  
  106  8:48  SCV  
  106  8:50  Orbital Command  
  106  8:52  Widow Mine  
  108  8:57  SCV, Supply Depot, Marauder  
  108  9:01  Marine  
  112  9:03  Marine  
  112  9:05  SCV  
  112  9:06  Ghost Academy  
  112  9:07  Widow Mine  
  112  9:08  Marauder  
  118  9:11  SCV  
  121  9:19  Barracks Tech Lab, Barracks Reactor, Marauder, Marine  
  121  9:21  Marine  
  121  9:22  Refinery  
  121  9:25  Missile Turret  
  121  9:26  SCV  
  121  9:29  Missile Turret, Marauder  
  122  9:34  SCV  
  122  9:37  Marine  
  122  9:42  SCV  
  122  9:43  SCV  
  115  9:49  SCV  

Tags
 
Add a new tag
Caveats
  • Supply blocks, unpowered buildings, or Contaminate may cause inaccurate times.
  • Supply counts are checked every 10 seconds.